[Event "Chessable Masters by chess24-KO"]
[Site "Online"]
[Date "2020.06.24"]
[Round "1.1"]
[White "Nepomniachtchi, Ian"]
[Black "Artemiev, Vladislav"]
[Result "1-0"]
[ECO "B28"]
[WhiteElo "2778"]
[BlackElo "2769"]
[Annotator "ChessBase"]
[PlyCount "117"]
[EventDate "2020.06.20"]
[EventType "k.o."]
[SourceTitle "playchess.com"]
[Source "ChessBase"]
[SourceQuality "1"]
[TimeControl "900+10"]

1. e4 c5 2. Nf3 a6 3. c3 d5 4. exd5 Qxd5 5. d4 Nf6 6. c4 Qe4+ 7. Be2 cxd4 8. Qxd4 Qxd4 9. Nxd4 e5 10. Nf3 Nc6 11. Nc3 e4 12. Nd2 Bf5 13. O-O Nd4 14. Bd1 O-O-O 15. Nb3 Be6 16. Nxd4 Rxd4 17. b3 Rd3 18. Na4 b5 19. Nb2 bxc4 20. Nxc4 Bxc4 21. bxc4 Bc5 22. Bc2 Rc3 23. Bb3 Rd3 24. Bc2 Rd7 25. h3 Re8 26. Ba4 Re6 27. Bxd7+ Nxd7 28. Be3 Rc6 29. Bxc5 Nxc5 30. f3 f6 31. Rad1 Kc7 32. fxe4 Nxe4 33. Rd4 Nc5 34. Re1 Ne6 35. Rh4 h6 36. Rhe4 Kd7 37. h4 h5 38. Kh2 g6 39. Kg3 Rd6 40. R1e3 Nd4 41. Ra3 Nf5+ 42. Kh2 Rc6 43. c5 Kc7 44. Ra5 Kb7 45. Kh3 Kc7 46. Re8 Kb7 47. Rg8 Ne7 48. Rg7 Re6 49. Ra3 Kc7 50. Rb3 Re1 51. Rb6 Kd8 52. Kh2 Re4 53. Rxf6 Rxh4+ 54. Kg1 Re4 55. Rxa6 Re5 56. Ra8+ Kd7 57. Ra7+ Kd8 58. c6 h4 59. Rh7 1-0